[Event "Titled Tuesday Blitz July 4 Early 2023"]
[White "Demidov, Mikhail"]
[Black "chess123456s"]
[WhiteFideId "4197143"]
[WhiteElo "2880"]
[BlackElo "2641"]
[Result "1-0"]
[Round "4"]
[TimeControl "180+2"]
[Date "2023.07.04"]
[WhiteClock "0:01:51"]
[BlackClock "0:00:08"]
[Board "30"]

1. Nf3 d5 2. g3 g6 3. c4 dxc4 4. Qa4+ Nc6 5. Qxc4 Bg7 6. Bg2 e5 7. d3 Nge7 8. O-O O-O 9. Nc3 Be6 10. Qh4 Nf5 11. Qxd8 Rfxd8 12. Bg5 f6 13. Bd2 Nfd4 14. Nxd4 Nxd4 15. Rfc1 c6 16. Kf1 Bf8 17. Ne4 Be7 18. h3 Bd5 19. Be3 Kf7 20. Nc3 Bxg2+ 21. Kxg2 Rd7 22. Kf1 Rad8 23. Rab1 a6 24. b4 Nf5 25. Bb6 Rc8 26. a4 Bd8 27. Bxd8 Rdxd8 28. Ne4 b6 29. a5 Rb8 30. Rxc6 bxa5 31. Rxf6+ Kg7 32. Rxa6 Rxb4 33. Ra1 Rd7 34. R6xa5 Nd4 35. Rxe5 Rf7 36. Ng5 Rd7 37. Ne6+ Kf6 38. Nxd4 Rbxd4 39. Re4 Rxe4 40. dxe4 Ke5 41. f3 Kd4 42. Rd1+ Ke5 43. Rxd7 1-0


[Site "https://www.chess.com"]

[Event "Titled Tuesday Blitz July 4 Early 2023"]
[White "Akhmedinov, Satbek"]
[Black "Ter-Sahakyan, Samvel"]
[WhiteFideId "13714287"]
[BlackFideId "13302531"]
[WhiteElo "2630"]
[BlackElo "2877"]
[Result "1-0"]
[Round "4"]
[TimeControl "180+2"]
[Date "2023.07.04"]
[WhiteClock "0:00:08"]
[BlackClock "0:00:00"]
[Board "31"]

1. e4 c5 2. Nf3 e6 3. g3 d5 4. exd5 exd5 5. d4 cxd4 6. Nxd4 Nc6 7. Bg2 Bc5 8. Nxc6 bxc6 9. O-O Nf6 10. b3 O-O 11. Bb2 Ba6 12. Re1 Qb6 13. Kh1 Bxf2 14. Re7 Ne4 15. Bxe4 dxe4 16. Nc3 Rae8 17. Nxe4 Rxe7 18. Nf6+ Kh8 19. Qh5 h6 20. Qf5 g6 21. Qf4 Be3 22. Qd6 Qc7 23. Nd7+ Kh7 24. Qxc7 1-0


[Site "https://www.chess.com"]

[Event "Titled Tuesday Blitz July 4 Early 2023"]
[White "Galchenko, Matvey"]
[Black "Asavasaetakul, Chawit"]
[WhiteFideId "24175480"]
[BlackFideId "6204856"]
[WhiteElo "2872"]
[BlackElo "2584"]
[Result "1-0"]
[Round "4"]
[TimeControl "180+2"]
[Date "2023.07.04"]
[WhiteClock "0:01:22"]
[BlackClock "0:00:32"]
[Board "32"]

1. d4 d5 2. c4 c6 3. Nf3 Nf6 4. Nc3 dxc4 5. e3 b5 6. a4 b4 7. Nb1 e6 8. Bxc4 Be7 9. O-O a5 10. Qe2 O-O 11. Nbd2 Nbd7 12. e4 Bb7 13. Rd1 Qb6 14. Bd3 c5 15. Nc4 Qc7 16. e5 Nd5 17. Qe4 g6 18. Qg4 cxd4 19. Bh6 Rfc8 20. Rac1 Nc3 21. bxc3 dxc3 22. Qf4 Bxf3 23. Nd6 Nxe5 24. Qxe5 Bxd6 25. Qg7# 1-0


[Site "https://www.chess.com"]

[Event "Titled Tuesday Blitz July 4 Early 2023"]
[White "Gholami Orimi, Mahdi"]
[Black "Amanov, Zhanibek"]
[WhiteFideId "12558486"]
[BlackFideId "13700189"]
[WhiteElo "2854"]
[BlackElo "2422"]
[Result "1-0"]
[Round "4"]
[TimeControl "180+2"]
[Date "2023.07.04"]
[WhiteClock "0:00:51"]
[BlackClock "0:00:00"]
[Board "33"]

1. d4 d5 2. c4 c6 3. Nf3 Nf6 4. e3 e6 5. b3 Ne4 6. Nbd2 Bb4 7. a3 Bc3 8. Ra2 Nd7 9. Bd3 f5 10. O-O O-O 11. Rc2 Ba5 12. b4 Bc7 13. b5 cxb5 14. cxd5 exd5 15. Bxb5 a6 16. Bd3 Bd6 17. Bb2 Qe7 18. Qa1 f4 19. exf4 Rxf4 20. Re1 Ndf6 21. Nf1 Qf7 22. Ne5 Qh5 23. f3 Ng5 24. Bc1 Rh4 25. Ng3 Qh6 26. Rxc8+ Rxc8 27. Nf5 Qh5 28. Bxg5 Qxg5 29. Nxd6 Rf8 30. Nf5 Rf4 31. Ne7+ Kh8 32. Qc1 Nh5 33. Nxd5 Rg4 34. fxg4 Qh4 35. Nf7+ Kg8 36. Ne7+ Kxf7 37. Qc4+ Kf6 38. Qe6+ 1-0


[Site "https://www.chess.com"]

[Event "Titled Tuesday Blitz July 4 Early 2023"]
[White "Kovalevsky, Stanislav"]
[Black "Nakamura, Hikaru"]
[WhiteFideId "13508598"]
[BlackFideId "2016192"]
[WhiteElo "2481"]
[BlackElo "3158"]
[Result "0-1"]
[Round "4"]
[TimeControl "180+2"]
[Date "2023.07.04"]
[WhiteClock "0:00:07"]
[BlackClock "0:01:46"]
[Board "34"]

1. c4 g6 2. Nc3 Bg7 3. g3 d6 4. Bg2 Nc6 5. a3 Bd7 6. b4 a5 7. b5 Ne5 8. d3 Nxc4 9. dxc4 Bxc3+ 10. Bd2 Bg7 11. Bxb7 Nf6 12. Rc1 O-O 13. Bg2 a4 14. Nf3 Ne4 15. Be3 c6 16. bxc6 Bxc6 17. O-O Qc8 18. Bd4 Nc5 19. e3 Nb3 20. Bxg7 Kxg7 21. Rc3 Qb7 22. Re1 Rfc8 23. h4 Ra5 24. e4 Qa7 25. Ng5 h6 26. Nf3 Bb7 27. Qe2 Qc5 28. Qb2 Kg8 29. Nd2 Nxd2 30. Qxb7 Ra7 31. Qb2 Nb3 32. e5 dxe5 33. Rf3 f6 34. Rc3 Rd7 35. Bh3 Rd2 36. Qxd2 Nxd2 37. Bxc8 Qxc8 38. Rd3 Nb3 39. Rd5 Qxc4 40. Rd8+ Kf7 41. Ra8 h5 42. Rd1 Nd4 43. Kh2 Qb3 44. Re1 Qxa3 45. f4 0-1


[Site "https://www.chess.com"]

[Event "Titled Tuesday Blitz July 4 Early 2023"]
[White "Domingo Nunez, Ruben"]
[Black "Tahbaz, Arash"]
[WhiteFideId "22245570"]
[BlackFideId "12528846"]
[WhiteElo "2601"]
[BlackElo "3031"]
[Result "0-1"]
[Round "4"]
[TimeControl "180+2"]
[Date "2023.07.04"]
[WhiteClock "0:00:00"]
[BlackClock "0:01:18"]
[Board "35"]

1. c4 g6 2. g3 Bg7 3. Bg2 Nf6 4. Nc3 O-O 5. Nf3 d6 6. d4 c6 7. O-O Bf5 8. Nh4 Be6 9. d5 cxd5 10. cxd5 Bd7 11. e4 a5 12. Nf3 Na6 13. e5 dxe5 14. Nxe5 Bf5 15. Re1 h5 16. Bg5 Rc8 17. Rc1 Nc5 18. a3 Nh7 19. Nxg6 fxg6 20. Bxe7 Qb6 21. Bxf8 Rxf8 22. Na4 Nxa4 23. Qxa4 Bd4 24. Kh1 h4 25. Qc4 h3 26. Be4 Bxf2 27. Rf1 Qe3 28. Rc3 Bxe4+ 0-1


[Site "https://www.chess.com"]

[Event "Titled Tuesday Blitz July 4 Early 2023"]
[White "Andreikin, Dmitry"]
[Black "Janaszak, Dawid"]
[WhiteFideId "4158814"]
[BlackFideId "1119206"]
[WhiteElo "2987"]
[BlackElo "2596"]
[Result "1-0"]
[Round "4"]
[TimeControl "180+2"]
[Date "2023.07.04"]
[WhiteClock "0:01:21"]
[BlackClock "0:00:00"]
[Board "36"]

1. e4 c5 2. Nc3 Nc6 3. Bb5 Nd4 4. Nf3 e6 5. O-O a6 6. Bd3 Nc6 7. Be2 Nf6 8. d4 cxd4 9. Nxd4 Qc7 10. Be3 Be7 11. Kh1 O-O 12. f4 d6 13. Qe1 Bd7 14. Qg3 Kh8 15. Rae1 Rad8 16. a3 b5 17. Bd3 b4 18. Nxc6 Bxc6 19. axb4 d5 20. exd5 Nxd5 21. Bd4 Nf6 22. Be5 Qb7 23. Qh3 Rxd3 24. cxd3 Qxb4 25. f5 exf5 26. Qxf5 Qb7 27. Ne4 Nxe4 28. dxe4 f6 29. Bc3 Bd6 30. Qg4 Bd7 31. Qf3 Bc6 32. Qg4 h6 33. e5 fxe5 34. Rxf8+ Bxf8 35. Rxe5 Qf7 36. Rf5 Qe8 37. Qf4 Be7 38. Qxh6+ 1-0


[Site "https://www.chess.com"]

[Event "Titled Tuesday Blitz July 4 Early 2023"]
[White "Ince, Taylan Ruzgar"]
[Black "Kramnik, Vladimir"]
[WhiteFideId "44513089"]
[BlackFideId "4101588"]
[WhiteElo "2593"]
[BlackElo "2982"]
[Result "1-0"]
[Round "4"]
[TimeControl "180+2"]
[Date "2023.07.04"]
[WhiteClock "0:00:07"]
[BlackClock "0:00:00"]
[Board "37"]

1. Nf3 Nf6 2. d4 d5 3. c4 e6 4. g3 Bb4+ 5. Bd2 Bd6 6. Bg2 O-O 7. Qc2 Nc6 8. O-O dxc4 9. Qxc4 e5 10. dxe5 Nxe5 11. Nxe5 Bxe5 12. Bc3 Qe7 13. Bxe5 Qxe5 14. Nc3 c6 15. Rfd1 a5 16. Qd4 Qe7 17. e4 Be6 18. e5 Nd7 19. f4 Nc5 20. b4 axb4 21. Qxb4 Rfe8 22. a4 Bf5 23. Bf1 h5 24. Rd6 Ne6 25. Rad1 h4 26. Ne4 Bxe4 27. Qxe4 hxg3 28. hxg3 g6 29. Qb4 c5 30. Qb5 Nd4 31. Qxc5 Nf5 32. R6d5 Qxc5+ 33. Rxc5 Nxg3 34. Bb5 Re7 35. Rc4 Kg7 36. Kf2 Nf5 37. Rd7 Rxd7 38. Bxd7 Ne7 39. Rc7 Nd5 40. Rxb7 Nxf4 41. Bb5 1-0


[Site "https://www.chess.com"]

[Event "Titled Tuesday Blitz July 4 Early 2023"]
[White "Paravyan, David"]
[Black "Ovchinnikov, Vsevolod"]
[WhiteFideId "4194985"]
[BlackFideId "24176842"]
[WhiteElo "2979"]
[BlackElo "2591"]
[Result "1-0"]
[Round "4"]
[TimeControl "180+2"]
[Date "2023.07.04"]
[WhiteClock "0:01:10"]
[BlackClock "0:00:03"]
[Board "38"]

1. d4 Nf6 2. c4 g6 3. Nc3 d5 4. cxd5 Nxd5 5. e4 Nxc3 6. bxc3 Bg7 7. Bc4 O-O 8. Ne2 c5 9. O-O Nc6 10. Be3 Bd7 11. Rb1 Qc7 12. Bb5 Rfd8 13. d5 Na5 14. Qa4 b6 15. Bf4 Bxb5 16. Qxb5 Be5 17. Bxe5 Qxe5 18. Qd3 e6 19. f4 Qc7 20. c4 e5 21. f5 Qe7 22. f6 Qf8 23. Rf3 h6 24. h4 Kh7 25. Rbf1 Re8 26. Nc3 Rad8 27. Nd1 Rb8 28. Ne3 a6 29. a4 Nb7 30. h5 g5 31. Nf5 Nd6 32. Nxd6 Qxd6 33. Rf5 Rb7 34. Kh2 Reb8 35. Qg3 Re8 36. Rb1 a5 37. Rb3 Rbb8 38. Qg4 Rb7 39. Kh1 Qf8 40. Rf2 Qd6 41. Qf5+ Kh8 42. Rfb2 Reb8 43. Kh2 Qd8 44. Kh3 Qd6 45. Rg3 Rg8 46. Kg4 Rbb8 47. Rgb3 Rb7 48. Rb5 Rgb8 49. R2b3 Qd8 50. Kf3 Qd6 51. Ke2 Qc7 52. Rf3 Qd6 53. Rg3 Rg8 54. Kd1 Rbb8 55. Kc2 Rb7 56. Kb2 Rgb8 57. Ka3 Rg8 58. Rbb3 Rbb8 59. Rb2 Rb7 60. Rb5 Rbb8 61. Kb2 Rb7 62. Kc2 Rbb8 63. Rf3 Rb7 64. Qg4 Rbb8 65. Rf5 Rb7 66. Qg3 Re8 67. Rb3 Rbb8 68. Rbf3 Rb7 69. Rxg5 hxg5 70. Qxg5 Qf8 71. Rg3 Rd7 72. h6 Qg8 73. Qh4 Qf8 74. Rg7 Rd6 75. Qg5 Red8 76. h7 Rxf6 77. Rg8+ Qxg8 78. hxg8=Q+ Rxg8 79. Qxf6+ Rg7 80. d6 1-0


[Site "https://www.chess.com"]

[Event "Titled Tuesday Blitz July 4 Early 2023"]
[White "Eljanov, Pavel"]
[Black "Ezat, Mohamed"]
[WhiteFideId "14102951"]
[BlackFideId "10600906"]
[WhiteElo "2934"]
[BlackElo "2588"]
[Result "1-0"]
[Round "4"]
[TimeControl "180+2"]
[Date "2023.07.04"]
[WhiteClock "0:00:06"]
[BlackClock "0:00:00"]
[Board "39"]

1. e4 e5 2. Nf3 Nc6 3. Bb5 Nge7 4. Nc3 d6 5. d4 Bd7 6. O-O a6 7. Bc4 h6 8. dxe5 Nxe5 9. Nxe5 dxe5 10. Qf3 f6 11. Be3 Qc8 12. h3 Be6 13. Bxe6 Qxe6 14. Rad1 Rd8 15. Nd5 Nxd5 16. exd5 Qf7 17. c4 Be7 18. Qf5 O-O 19. Rd3 b5 20. b3 bxc4 21. bxc4 c6 22. Rfd1 cxd5 23. Rxd5 Rxd5 24. Rxd5 Rd8 25. Rxd8+ Bxd8 26. Qc8 Qc7 27. Qxa6 Qd7 28. Qb5 Qd1+ 29. Kh2 Kh7 30. Qd5 Qxd5 31. cxd5 Kg6 32. a4 Ba5 33. g4 f5 34. Bc5 Kf6 35. gxf5 Kxf5 36. f3 e4 37. fxe4+ Kxe4 38. Bf8 Kxd5 39. Bxg7 Bc7+ 40. Kg2 h5 41. Kf3 Bd6 42. Bh6 Bc7 43. Bf4 Bb6 44. Be3 Bc7 45. Bf4 Bb6 46. Bd2 Bc7 47. Ke3 Bd6 48. Be1 Bc7 49. Kf3 Bd6 50. Bc3 Bc7 51. a5 Kc4 52. Be1 Kd5 53. Ke3 Kc4 54. Ke4 Kb5 55. Kf5 Bd8 56. Kg6 h4 57. Kh5 Bc7 58. Kxh4 Bd6 59. Kg4 Be7 60. Kh5 Ka6 61. Bd2 Bd8 62. Kg6 Be7 63. Bg5 Bc5 64. h4 Bd4 65. h5 Kxa5 66. h6 1-0


[Site "https://www.chess.com"]

[Event "Titled Tuesday Blitz July 4 Early 2023"]
[White "Matlakov, Maxim"]
[Black "Frolyanov, Dmitry"]
[WhiteFideId "4168003"]
[BlackFideId "4151976"]
[WhiteElo "2927"]
[BlackElo "2585"]
[Result "1-0"]
[Round "4"]
[TimeControl "180+2"]
[Date "2023.07.04"]
[WhiteClock "0:01:52"]
[BlackClock "0:00:09"]
[Board "40"]

1. e4 e5 2. Ne2 Nf6 3. d4 Nxe4 4. f3 Nd6 5. dxe5 Nf5 6. Nbc3 d6 7. Bf4 Nc6 8. exd6 Bxd6 9. Qd2 O-O 10. O-O-O Bxf4 11. Qxf4 Nd6 12. Ng3 Be6 13. Nge4 Qe7 14. Ng5 h6 15. Nxe6 Qxe6 16. Bd3 Rfe8 17. Kb1 a5 18. h4 Nb4 19. a3 Nxd3 20. Rxd3 b5 21. Nd5 Rac8 22. Nxc7 Rxc7 23. Rxd6 Qe7 24. Rhd1 Rec8 25. c3 Rc4 26. R6d4 Rxd4 27. Qxd4 Qe2 28. Rd2 Qe1+ 29. Ka2 b4 30. cxb4 axb4 31. Qxb4 Qf1 32. a4 Rc1 33. Rd8+ Kh7 34. Qe4+ g6 35. Qd4 1-0


[Site "https://www.chess.com"]

[Event "Titled Tuesday Blitz July 4 Early 2023"]
[White "Sanal, Vahap"]
[Black "Pinheiro, Iung Alicio de O."]
[WhiteFideId "6300545"]
[BlackFideId "2104350"]
[WhiteElo "2906"]
[BlackElo "2585"]
[Result "0-1"]
[Round "4"]
[TimeControl "180+2"]
[Date "2023.07.04"]
[WhiteClock "0:00:01"]
[BlackClock "0:00:40"]
[Board "41"]

1. Nf3 d5 2. g3 c6 3. Bg2 Nf6 4. O-O Bf5 5. d3 h6 6. Nbd2 e6 7. b3 Be7 8. Bb2 O-O 9. Re1 Bh7 10. e4 Nbd7 11. Qe2 a5 12. a4 Qc7 13. Rad1 b5 14. e5 Ne8 15. Nd4 bxa4 16. bxa4 Nc5 17. Ra1 Na6 18. h4 Rb8 19. N2b3 Nb4 20. Bc3 Qb6 21. Reb1 Nc7 22. Qd2 c5 23. Nb5 Nxb5 24. axb5 Ra8 25. Nc1 Rfc8 26. Ne2 c4 27. Nf4 cxd3 28. cxd3 Qxb5 29. Bh3 Ra6 30. Rc1 Rac6 31. Bb2 Rc2 32. Qd1 Bxd3 33. Nxd3 Qxd3 34. Qxd3 Nxd3 35. Rxc2 Rxc2 36. Bd4 Bb4 37. Bf1 Ne1 38. Bb5 Nf3+ 0-1


[Site "https://www.chess.com"]

[Event "Titled Tuesday Blitz July 4 Early 2023"]
[White "Ibarra Jerez, Jose Carlos"]
[Black "Nefedov, Sergey"]
[WhiteFideId "2226332"]
[BlackFideId "24113417"]
[WhiteElo "2905"]
[BlackElo "2585"]
[Result "1-0"]
[Round "4"]
[TimeControl "180+2"]
[Date "2023.07.04"]
[WhiteClock "0:00:32"]
[BlackClock "0:00:15"]
[Board "42"]

1. e4 d5 2. exd5 Qxd5 3. Nc3 Qd8 4. Bc4 Nf6 5. Nf3 g6 6. O-O Bg7 7. d4 O-O 8. h3 c6 9. Re1 Nbd7 10. a4 a5 11. Bg5 Nb6 12. Bb3 Nbd5 13. Qd2 Be6 14. Ne5 Nc7 15. Bxe6 Nxe6 16. Rad1 Nxg5 17. Qxg5 e6 18. Qg3 Qb6 19. Nc4 Qb4 20. b3 Rfd8 21. Na2 Qe7 22. Nc1 b5 23. Ne5 Qb7 24. Qf3 Nd5 25. axb5 Bxe5 26. dxe5 Nb4 27. c3 Nd5 28. Na2 Rdb8 29. c4 Ne7 30. Nc3 cxb5 31. Rd8+ Kg7 32. Qxb7 Rxb7 33. Rxa8 1-0


[Site "https://www.chess.com"]

[Event "Titled Tuesday Blitz July 4 Early 2023"]
[White "Becerra, Juan David"]
[Black "Bacrot, Etienne"]
[WhiteFideId "4404998"]
[BlackFideId "605506"]
[WhiteElo "2583"]
[BlackElo "2860"]
[Result "0-1"]
[Round "4"]
[TimeControl "180+2"]
[Date "2023.07.04"]
[WhiteClock "0:00:00"]
[BlackClock "0:00:10"]
[Board "43"]

1. e4 c5 2. c3 Nf6 3. e5 Nd5 4. d4 cxd4 5. cxd4 d6 6. f4 Nc6 7. Nc3 dxe5 8. fxe5 Bf5 9. a3 e6 10. Nf3 Be7 11. Bd3 Bxd3 12. Qxd3 O-O 13. O-O f5 14. exf6 Bxf6 15. Qe4 Qd6 16. Bd2 Rad8 17. Rae1 Nxc3 18. Bxc3 Rde8 19. Ne5 Bxe5 20. dxe5 Qc5+ 21. Kh1 Rxf1+ 22. Rxf1 Rf8 23. Rxf8+ Qxf8 24. Kg1 Qf5 25. Qe2 a6 26. a4 h6 27. a5 Kf7 28. h3 Qf4 29. Qh5+ Kf8 30. Qd1 Qf7 31. Kh2 Qc7 32. Qe1 Kg8 33. Qe4 Ne7 34. Qg4 Qc6 35. Bb4 Nf5 36. Qg6 Qd5 37. Bc3 Qd7 38. Bb4 Qf7 39. Qg4 Kh7 40. Qe4 Kg8 41. Bc5 Qd7 42. Bb4 Nd4 43. Bd6 Nc6 44. b4 Qe8 45. Qc4 Qd7 46. Qe4 Nd8 47. Qc4 Qc6 48. Qf4 Nf7 49. Qd4 Qd7 50. Qc5 Kh7 51. Qb6 Qc6 52. Qd4 Kg8 53. Qd2 Nh8 54. Qf4 Nf7 55. Qg4 Qd5 56. Qg6 Nxd6 57. exd6 Qxd6+ 58. Kh1 Qd1+ 59. Kh2 Qd6+ 60. Kh1 Qe7 61. Qe4 Kf7 62. Qe5 Qf6 63. Qc7+ Qe7 64. Qc4 Kg8 65. Kg1 Kh7 66. Kh2 Qf7 67. Kg1 Kg8 68. Qe4 Qd7 69. Kh1 Qd1+ 70. Kh2 Qd5 71. Qf4 e5 72. Qg4 e4 73. Qc8+ Kh7 74. Qc3 Qd6+ 75. Kg1 Qd1+ 76. Kf2 Qd5 77. Ke3 Qg5+ 78. Kf2 Qf4+ 79. Ke2 Qg5 80. Kf2 Qg6 81. Qd4 Qf5+ 82. Ke3 Qg5+ 83. Ke2 Qxg2+ 84. Ke3 Qf3+ 85. Kd2 Qd3+ 86. Qxd3 exd3 87. Kxd3 g5 88. Ke4 Kg6 89. Ke5 h5 90. Kd6 g4 91. hxg4 h4 92. Kc7 h3 93. Kxb7 h2 94. Kxa6 h1=Q 95. b5 Qa8+ 0-1


[Site "https://www.chess.com"]

[Event "Titled Tuesday Blitz July 4 Early 2023"]
[White "Pasti, Aron"]
[Black "Molina, Roberto Junio Brito"]
[WhiteFideId "785857"]
[BlackFideId "2109450"]
[WhiteElo "2581"]
[BlackElo "2859"]
[Result "0-1"]
[Round "4"]
[TimeControl "180+2"]
[Date "2023.07.04"]
[WhiteClock "0:00:00"]
[BlackClock "0:00:09"]
[Board "44"]

1. e4 c6 2. d4 d5 3. Nc3 dxe4 4. Nxe4 Nd7 5. Nf3 Ngf6 6. Neg5 h6 7. Nxf7 Kxf7 8. Bc4+ e6 9. O-O Bd6 10. Re1 Re8 11. Ne5+ Kg8 12. Qf3 Nf8 13. Bxh6 gxh6 14. Qg3+ Ng4 15. Qxg4+ Qg5 16. Qf3 Re7 17. h4 Qg7 18. Re4 Bxe5 19. Rg4 Bxd4 20. Rd1 Rf7 21. Rxg7+ Bxg7 22. Qg4 Bd7 23. f4 Kh8 24. g3 Re8 25. Qh5 Ree7 26. Bd3 e5 27. Bc4 Rf5 28. Qg4 Rxf4 29. Qe2 Rf6 30. Rf1 Rxf1+ 31. Qxf1 Be6 32. Bd3 Rf7 33. Qe2 Bd5 34. c4 Bf3 35. Qe3 Ne6 36. Bg6 Rf6 37. h5 e4 0-1


[Site "https://www.chess.com"]

[Event "Titled Tuesday Blitz July 4 Early 2023"]
[White "ArtemDyachuk"]
[Black "Henriquez Villagra, Cristobal"]
[BlackFideId "3409350"]
[WhiteElo "2577"]
[BlackElo "2855"]
[Result "0-1"]
[Round "4"]
[TimeControl "180+2"]
[Date "2023.07.04"]
[WhiteClock "0:00:00"]
[BlackClock "0:01:11"]
[Board "45"]

1. e4 d6 2. d4 Nf6 3. Nc3 e5 4. Nf3 Nbd7 5. Rg1 c6 6. g4 h6 7. h4 exd4 8. Nxd4 Ne5 9. g5 hxg5 10. hxg5 Nfg4 11. f3 Nh2 12. Be2 d5 13. f4 Ng6 14. e5 a6 15. f5 Nxe5 16. Bf4 Bd6 17. g6 Qh4+ 18. Bg3 Nef3+ 19. Bxf3 Bxg3+ 20. Ke2 fxg6 21. Qd3 O-O 22. Rxg3 Bxf5 23. Nxf5 Rxf5 24. Rag1 Nxf3 25. Rxf3 Qh2+ 26. Kf1 Rxf3+ 27. Qxf3 Rf8 28. Qxf8+ Kxf8 29. Ne2 Qe5 30. c3 Qf5+ 31. Ke1 Qc2 32. Rf1+ Kg8 33. Kf2 Qxb2 34. Ke3 Qc2 35. Rg1 a5 0-1


[Site "https://www.chess.com"]

[Event "Titled Tuesday Blitz July 4 Early 2023"]
[White "Bharath Subramaniyam H"]
[Black "Gontcharov, Vladislav"]
[WhiteFideId "46634827"]
[BlackFideId "4123492"]
[WhiteElo "2832"]
[BlackElo "2575"]
[Result "0-1"]
[Round "4"]
[TimeControl "180+2"]
[Date "2023.07.04"]
[WhiteClock "0:00:00"]
[BlackClock "0:00:20"]
[Board "46"]

1. e4 e6 2. Nf3 d5 3. e5 c5 4. b4 cxb4 5. a3 b3 6. cxb3 Nc6 7. d4 Nge7 8. Bd3 Nf5 9. Bb2 Nh4 10. O-O Nxf3+ 11. Qxf3 Qb6 12. Qg4 Qxb3 13. Qe2 Qb6 14. a4 a5 15. Bb5 Bd7 16. Rd1 Be7 17. Nd2 O-O 18. Nb3 f6 19. exf6 Rxf6 20. Nc5 Qc7 21. Rac1 Raf8 22. Rf1 Bc8 23. Bxc6 bxc6 24. Ba3 Bd6 25. g3 e5 26. dxe5 Bxe5 27. Nd3 Bd6 28. Bxd6 Qxd6 29. Nc5 Bh3 30. Rfe1 Rxf2 31. Qxf2 Rxf2 32. Kxf2 Qf6+ 33. Ke3 Qe5+ 34. Kf3 Qf5+ 35. Ke3 h5 36. Nd3 Qe4+ 37. Kd2 Qxa4 38. Ra1 Qd4 39. Rxa5 Bf5 40. Ra3 Be4 41. Re3 c5 42. Ke2 c4 43. Nf4 Qb2+ 44. Kf1 d4 45. Rxe4 Qxa3 46. Ne6 Qc1+ 47. Kf2 d3 0-1


[Site "https://www.chess.com"]

[Event "Titled Tuesday Blitz July 4 Early 2023"]
[White "Kantor, Gergely"]
[Black "Przybylski, Wojciech"]
[WhiteFideId "751499"]
[BlackFideId "1117599"]
[WhiteElo "2830"]
[BlackElo "2574"]
[Result "1-0"]
[Round "4"]
[TimeControl "180+2"]
[Date "2023.07.04"]
[WhiteClock "0:00:23"]
[BlackClock "0:00:06"]
[Board "47"]

1. e4 e5 2. Nf3 Nc6 3. Bc4 Nf6 4. d3 Be7 5. Nc3 O-O 6. a4 d6 7. a5 a6 8. Bd2 h6 9. h3 Be6 10. Nd5 Re8 11. O-O Bf8 12. c3 Nd7 13. d4 Na7 14. dxe5 Nxe5 15. Nxe5 dxe5 16. Be3 Nc8 17. Qh5 Nd6 18. Ba2 Nxe4 19. Qxe5 Nd6 20. Qh5 Nf5 21. Rad1 Nxe3 22. fxe3 Bd6 23. h4 Rf8 24. Bb1 f5 25. Bxf5 Bxf5 26. Rxf5 Rxf5 27. Qxf5 Qxh4 28. Nf4 Re8 29. Qd5+ Kh7 30. Qd3+ Kg8 31. Qc4+ Kh7 32. Qf7 Qe7 33. Qf5+ Kg8 34. Nd5 Qe5 35. Qg4 Qe4 36. Qxe4 Rxe4 37. Kf2 Re5 38. Kf3 Rf5+ 39. Ke2 Rg5 40. Kf3 Rf5+ 41. Ke2 Rg5 42. Rg1 h5 43. e4 g6 44. Kf3 Kg7 45. g3 Re5 46. Nf4 Re8 47. Nd3 Kh6 48. Ke3 g5 49. Kd4 g4 50. e5 Be7 51. Ke4 Kg5 52. Nf4 Rh8 53. Nd5 Bd8 54. Rf1 h4 55. Rf5+ Kg6 56. Nf4+ Kg7 57. Ne6+ Kg6 58. Nxd8 Rxd8 59. gxh4 Rd2 60. Rg5+ Kh6 61. Rxg4 Rxb2 62. Kf5 Rf2+ 63. Rf4 Re2 64. e6 Kg7 65. h5 Kf8 66. h6 Rh2 67. Kg5+ Ke7 68. Rh4 Rg2+ 69. Kf5 Rf2+ 70. Ke5 Re2+ 71. Kd5 Rd2+ 72. Kc5 Rd8 73. h7 Rh8 74. Rh6 Ke8 75. Kd5 Ke7 76. Ke5 b6 77. axb6 cxb6 78. Rh3 a5 79. Rd3 a4 80. Rd7+ Ke8 81. Ra7 a3 82. Ra8+ Ke7 83. Rxh8 a2 84. Ra8 b5 85. h8=Q b4 86. Qg7# 1-0


[Site "https://www.chess.com"]

[Event "Titled Tuesday Blitz July 4 Early 2023"]
[White "HamedWafa4"]
[Black "Harshavardhan G B"]
[BlackFideId "25059009"]
[WhiteElo "2569"]
[BlackElo "2827"]
[Result "0-1"]
[Round "4"]
[TimeControl "180+2"]
[Date "2023.07.04"]
[WhiteClock "0:00:07"]
[BlackClock "0:00:55"]
[Board "48"]

1. e4 e5 2. Nf3 Nc6 3. Bb5 a6 4. Ba4 d6 5. O-O Bg4 6. Bxc6+ bxc6 7. h3 h5 8. d3 Qf6 9. Nbd2 Ne7 10. Re1 Ng6 11. hxg4 hxg4 12. Nh2 Rxh2 13. Kxh2 Qxf2 14. Rf1 Qh4+ 15. Kg1 Nf4 16. Qe1 Qh5 17. Nc4 g3 18. Rxf4 Qh2+ 19. Kf1 exf4 20. Bxf4 Qh1+ 21. Ke2 Qxg2+ 22. Ke3 d5 23. exd5 cxd5 24. Kd4+ Be7 25. Qxg3 c5+ 26. Kc3 Bf6+ 27. Ne5 d4+ 28. Kb3 Qb7+ 29. Kc4 Rd8 30. Kxc5 Qb5# 0-1


[Site "https://www.chess.com"]

[Event "Titled Tuesday Blitz July 4 Early 2023"]
[White "demon64fields"]
[Black "Siniauski, Artsiom"]
[BlackFideId "13512269"]
[WhiteElo "2817"]
[BlackElo "2565"]
[Result "1-0"]
[Round "4"]
[TimeControl "180+2"]
[Date "2023.07.04"]
[WhiteClock "0:00:31"]
[BlackClock "0:00:07"]
[Board "49"]

1. e4 e6 2. d3 d5 3. Nd2 c5 4. Ngf3 Nc6 5. g3 Nf6 6. Bg2 g6 7. O-O Bg7 8. Re1 O-O 9. c3 a5 10. a4 b6 11. exd5 exd5 12. Nb1 Bb7 13. Na3 h6 14. Nb5 Rc8 15. h3 Ne7 16. Bf4 g5 17. Bd6 Re8 18. d4 Ng6 19. Be5 Nxe5 20. Nxe5 Ne4 21. Qh5 Bxe5 22. dxe5 Rxe5 23. Qxh6 Rc6 24. Qh5 Rce6 25. Bxe4 dxe4 26. Rad1 Qe7 27. Re3 Kg7 28. Qe2 Rh6 29. g4 Rf6 30. Qd2 Rf3 31. Qd7 Qxd7 32. Rxd7 Bc8 33. Rd6 f5 34. Rxb6 fxg4 35. hxg4 Bxg4 36. Nd6 Rxe3 37. fxe3 Bf3 38. Kf2 g4 39. Kg3 Rh5 40. Kf4 Rh2 41. Nf5+ Kf8 42. Rb5 c4 43. Ng3 Rf2 44. Rxa5 Ke7 45. Ke5 Kd8 46. Nxe4 Bxe4 47. Kxe4 g3 48. Rg5 g2 49. Kd4 Rxb2 50. Kxc4 Ke7 51. a5 Kf6 52. Rg3 Ke5 53. a6 Ra2 54. Kd3 Kf5 55. a7 Ke5 56. Rxg2 Rxa7 57. Rg5+ Kf6 58. Rd5 Ke6 59. c4 Ra1 60. Rh5 Rd1+ 61. Ke4 Rg1 62. Rh6+ Kd7 63. Kd4 Rd1+ 64. Kc5 Rd2 65. e4 Rd1 66. e5 Ke7 67. Rd6 Re1 68. Rd5 Ra1 69. Kc6 Ke6 70. Rd2 Ra6+ 71. Kb5 Ra8 72. c5 Rb8+ 73. Ka6 Rc8 74. Kb6 Rb8+ 75. Kc7 Rb5 76. c6 Kxe5 77. Kd7 1-0


[Site "https://www.chess.com"]

[Event "Titled Tuesday Blitz July 4 Early 2023"]
[White "Aggelis, Nikolaos"]
[Black "Perez Ponsa, Federico"]
[WhiteFideId "4213220"]
[BlackFideId "117927"]
[WhiteElo "2564"]
[BlackElo "2794"]
[Result "0-1"]
[Round "4"]
[TimeControl "180+2"]
[Date "2023.07.04"]
[WhiteClock "0:00:05"]
[BlackClock "0:00:45"]
[Board "50"]

1. c4 e6 2. g3 d5 3. Bg2 Nf6 4. Nf3 Be7 5. d4 O-O 6. O-O dxc4 7. Qc2 a6 8. a4 Bd7 9. Qxc4 Bc6 10. Bf4 a5 11. Nc3 Ra6 12. Rfe1 Rb6 13. e4 Rxb2 14. Ne5 Rb4 15. Nxc6 Nxc6 16. Qa2 Rxd4 17. Nb5 Rd7 18. Rac1 e5 19. Bg5 Nb4 20. Qc4 Nd3 21. Bh3 Nxe1 22. Bxf6 Bxf6 23. Bxd7 Qxd7 24. Rxe1 c6 25. Na3 Be7 26. Nc2 Rd8 27. Rb1 g6 28. Kg2 Kg7 29. h4 h5 30. Ne3 Bb4 31. Nc2 c5 32. Ne3 Qd3 33. Rb3 Qxc4 34. Nxc4 f6 35. Ne3 Rd4 36. f3 c4 37. Rb2 c3 38. Rc2 Rd2+ 39. Kf1 Kf7 40. Ke1 Ke6 41. Rxd2 cxd2+ 42. Kd1 f5 43. Nd5 Bc5 44. Kxd2 Bf2 45. Nc7+ Kd6 46. Ne8+ Ke7 47. Ng7 Kf7 48. exf5 Kxg7 49. fxg6 Bxg3 0-1


[Site "https://www.chess.com"]